 Dungeon Crawl Stone Soup version 0.22.0-38-g04b72b8 (webtiles) character file.

548 nicolaieve the Basher (level 7, -2/87 HPs)
             Began as a Minotaur Berserker on Aug 27, 2018.
             Was an Elder of Trog.
             Slain by a hippogriff (6 damage)
             ... on level 5 of the Dungeon.
             The game lasted 00:11:55 (3004 turns).

nicolaieve the Basher (Minotaur Berserker)          Turns: 3004, Time: 00:11:56

Health: -2/87      AC:  8    Str: 26    XL:     7   Next: 7%
Magic:  6/6        EV:  9    Int:  4    God:    Trog [****..]
Gold:   306        SH:  0    Dex: 12    Spells: 6/6 levels left

rFire    . . .     SeeInvis .   w - +1 flail (holy)
rCold    . . .     Gourm    .   (no shield)
rNeg     . . .     Faith    .   i - +0 chain mail (curse)
rPois    .         Spirit   .   (helmet restricted)
rElec    .         Reflect  .   (no cloak)
rCorr    .         Harm     .   (no gloves)
MR       .....                  (no boots)
Stlth    ..........             (no amulet)
HPRegen  0.24/turn              u - ring of stealth
MPRegen  0.10/turn              (no ring)

@: berserking, very quick
A: retaliatory headbutt, horns 2
a: Berserk, Trog's Hand, Brothers in Arms, Renounce Religion


You were on level 5 of the Dungeon.
You worshipped Trog.
Trog was greatly pleased with you.
You were hungry.

You visited 1 branch of the dungeon, and saw 5 of its levels.

You collected 306 gold pieces.

Inventory:

Hand Weapons
 w - a +1 flail of holy wrath (weapon)
Armour
 i - a cursed +0 chain mail (worn)
 t - a +0 buckler
Jewellery
 u - a ring of stealth (left hand)
Wands
 h - a wand of random effects (37)
 o - a wand of polymorph (14)
 r - a wand of digging (6)
Scrolls
 a - a scroll of noise {unknown}
 b - 3 scrolls of enchant armour {unknown}
 d - 7 scrolls of teleportation {unknown}
 e - 6 scrolls of remove curse {unknown}
 g - 4 scrolls of identify {unknown}
 m - a scroll of blinking {unknown}
 y - a scroll of magic mapping {unknown}
Potions
 f - 4 potions of cancellation {unknown}
 k - 5 potions of curing {unknown}
 l - 2 potions of flight {unknown}
 n - a potion of haste {unknown}
 p - a potion of brilliance {unknown}
 q - 4 potions of lignification {unknown}
 s - 2 potions of magic {unknown}
 v - a potion of heal wounds {unknown}
 x - 2 potions of resistance {unknown}
Comestibles
 c - 12 rations
 j - 4 chunks of flesh


   Skills:
 - Level 3.9 Fighting
 + Level 9.5 Maces & Flails
 - Level 2.5 Armour
 - Level 2.3 Dodging


You had 6 spell levels left.
You didn't know any spells.
Your spell library was empty.

Dungeon Overview and Level Annotations

Branches:
Dungeon (5/15)
 Temple: D:4-7

Altars:
Ashenzari
Dithmenos
Fedhas
Makhleb
Vehumet


Innate Abilities, Weirdness & Mutations

You reflexively headbutt those who attack you in melee.
You have a pair of horns on your head.


Message History

The hippogriff is heavily wounded.
The hippogriff bites you.
* * * LOW HITPOINT WARNING * * *
The hippogriff pecks you but does no damage.
The hippogriff barely misses you.
You sock the hippogriff!
The hippogriff is severely wounded.
A crimson imp comes into view.
The hippogriff bites you.
* * * LOW HITPOINT WARNING * * *
The hippogriff pecks you but does no damage.
The hippogriff claws you.
* * * LOW HITPOINT WARNING * * *
A red film seems to cover your vision as you go berserk!
You feel yourself moving faster!
You feel mighty!
You are feeling hungry.
The hippogriff bites you.
* * * LOW HITPOINT WARNING * * *
The hippogriff pecks you.
You die...

.### #......... #....%.
#......... ##......##
#.........
#........#####.........
###.....##.##............
#......##...## #.......(.
......##.....###.รท.......
..##..#.......###..######
.## #....._...5.@.##
..###.#.......#.H##
......##.....###.#
.....####...## #.# ##.#.#
##.## #.# #.#... #.# ..#
...##.# #.# .## ..#.. .#
#.# # ..##. .


You could see a hippogriff and a crimson imp.

Vanquished Creatures
  A sky beast (D:5)
  A phantom (D:4)
  A scorpion (D:5)
  2 orc priests (D:4)
  An orc wizard (D:3)
  An iguana (D:4)
  A worker ant (D:4)
  A howler monkey skeleton (D:5)
  A gnoll (D:2)
  An adder (D:3)
  A shadow imp (D:5)
  3 oozes
  An adder skeleton (D:4)
  2 worms (D:4)
  2 dart slugs (D:3)
  3 leopard geckos
  17 orcs
  3 ball pythons
  3 giant cockroaches
  13 hobgoblins
  6 jackals
  2 quokkas
  3 bats (D:3)
  4 frilled lizards
  17 goblins
  13 kobolds
  3 rats
107 creatures vanquished.

Notes
Turn   | Place    | Note
-------+----------+-------------------------------------------
     0 | D:1      | nicolaieve the Minotaur Berserker began the quest for the Orb.
     0 | D:1      | Reached XP level 1. HP: 19/19 MP: 0/0
   520 | D:1      | Reached skill level 4 in Maces & Flails
   520 | D:1      | Reached XP level 2. HP: 26/27 MP: 1/1
   722 | D:2      | Found a shattered altar of Ashenzari.
   866 | D:2      | Reached XP level 3. HP: 32/33 MP: 2/2
  1344 | D:3      | Reached ** piety under Trog
  1344 | D:3      | Reached skill level 5 in Maces & Flails
  1524 | D:3      | Reached skill level 6 in Maces & Flails
  1524 | D:3      | Reached XP level 4. HP: 32/40 MP: 3/3
  1857 | D:4      | Reached XP level 5. HP: 38/46 MP: 4/4
  1956 | D:4      | Reached *** piety under Trog
  2011 | D:4      | Reached skill level 7 in Maces & Flails
  2127 | D:4      | Found a shadowy altar of Dithmenos.
  2127 | D:4      | Found a blossoming altar of Fedhas.
  2127 | D:4      | Found a radiant altar of Vehumet.
  2388 | D:4      | Noticed a phantom
  2406 | D:4      | Killed a phantom
  2406 | D:4      | Reached skill level 8 in Maces & Flails
  2406 | D:4      | Reached XP level 6. HP: 52/52 MP: 5/5
  2762 | D:4      | Reached **** piety under Trog
  2887 | D:5      | Entered Level 5 of the Dungeon
  2912 | D:5      | Found a burning altar of Makhleb.
  2921 | D:5      | Noticed a sky beast
  2941 | D:5      | Killed a sky beast
  2941 | D:5      | Reached skill level 9 in Maces & Flails
  2959 | D:5      | Reached XP level 7. HP: 17/58 MP: 6/6
  2994 | D:5      | Noticed a hippogriff
  3004 | D:5      | HP: 4/87 [hippogriff (2)]
  3004 | D:5      | Slain by a hippogriff

Skill      XL: |  1  2  3  4  5  6 |
---------------+-------------------+-----
Maces & Flails | 4 6 8 9 |  9.5
Fighting       | |  3.9
Armour         | |  2.5
Dodging        | |  2.3

Action                   |  1- 3 |  4- 6 |  7- 9 || total
-------------------------+-------+-------+-------++-------
Melee: Mace              |    20 |       |       ||    20
       Headbutt          |    20 |    27 |     2 ||    49
       Whip              |    98 |    80 |       ||   178
       Flail             |       |    82 |     5 ||    87
Invok: Berserk           |       |     5 |     1 ||     6
       Trog's Hand       |       |     1 |     1 ||     2
  Eat: Chunk             |     2 |     8 |     2 ||    12
Armor: Chain mail        |    65 |    68 |     5 ||   138
       Animal skin       |     3 |       |       ||     3
Dodge: Dodged            |    74 |    70 |     2 ||   146
